 Dungeon Crawl Stone Soup version 0.20.0-14-g326068f (webtiles) character file.

552 Darkins the Slasher (level 7, -5/55 HPs)
             Began as a Human Berserker on June 9, 2017.
             Was a Believer of Trog.
             Slain by a phantom (6 damage)
             ... on level 4 of the Dungeon.
             The game lasted 00:17:19 (3595 turns).

Darkins the Slasher (Human Berserker)               Turns: 3595, Time: 00:17:19

Health: -5/55      AC:  7    Str: 20    XL:     7   Next: 55%
Magic:  7/7        EV: 12    Int:  7    God:    Trog [**....]
Gold:   93         SH:  0    Dex: 12    Spells: 6/6 levels left

rFire    . . .     SeeInvis .   a - +0 falchion
rCold    . . .     Gourm    .   (no shield)
rNeg     . . .     Faith    .   h - +0 ring mail
rPois    .         Spirit   .   m - +0 helmet
rElec    .         Reflect  .   (no cloak)
rCorr    .         Harm     .   (no gloves)
MR       ++...                  (no boots)
Stlth    +.........             (no amulet)
Regen    1.2/turn               (no ring)
MPRegen  0.1/turn               (no ring)

@: berserk cooldown, regenerating
A: no striking features
a: Berserk, Trog's Hand, Burn Spellbooks, Renounce Religion


You were on level 4 of the Dungeon.
You worshipped Trog.
Trog was pleased with you.
You were near starving.

You visited 1 branch of the dungeon, and saw 4 of its levels.

You collected 93 gold pieces.

Inventory:

Hand Weapons
 a - a +0 falchion (weapon)
Armour
 h - a +0 ring mail (worn)
 m - a +0 helmet (worn)
Jewellery
 d - an uncursed amulet of harm
Scrolls
 b - 4 scrolls of identify
 e - a scroll of amnesia {unknown}
 f - 2 scrolls of remove curse {unknown}
 g - 2 scrolls of enchant armour {unknown}
 j - a scroll of teleportation {unknown}
 l - a scroll of fear {unknown}
Potions
 i - a potion of cancellation {unknown}
Comestibles
 c - 5 bread rations
 k - a royal jelly


   Skills:
 + Level 4.4 Fighting
 + Level 5.6 Long Blades
 + Level 4.4 Armour
 + Level 3.1 Dodging


You had 6 spell levels left.
You didn't know any spells.

Dungeon Overview and Level Annotations

Branches:
Dungeon (4/15)
 Temple: D:4-7

Altars:
Dithmenos


Message History

You feel resistant to hostile enchantments.
You are near starving!
Something hits you but does no damage. The phantom barely misses you.
Something hits you but does no damage.
You closely miss the phantom.
The phantom is severely damaged.
The phantom closely misses you. Something hits you but does no damage.
The phantom hits you.
* * * LOW HITPOINT WARNING * * *
You barely miss the phantom.
The phantom is severely damaged.
You feel yourself speed up. Something hits you.
* * * LOW HITPOINT WARNING * * *
The phantom hits you.
* * * LOW HITPOINT WARNING * * *
Something hits you.
* * * LOW HITPOINT WARNING * * *
The phantom hits you.
You die...

#. #.#.# #.
#.#.# #.
#.#.## #.
##.)†)##
##.8....##
##........#
#.....<.8.#
##...{....#
#...8@...##
........W...#
##..........#
############


You could see a phantom.

Vanquished Creatures
  The ghost of Darkins the Slasher, an amateur HuGl of Elyvilon (D:3)
  Sigmund (D:3)
  Crazy Yiuf (D:3)
  A bullfrog skeleton (D:4)
  Jessica (D:3)
  3 adders
  2 dart slugs
  5 leopard geckos
  6 orcs
  2 ball pythons
  4 bats
  2 giant cockroaches
  5 goblins
  9 hobgoblins
  3 jackals (D:1)
  13 frilled lizards
  6 kobolds
  11 rats
  A plant (D:1)
77 creatures vanquished.

Notes
Turn   | Place    | Note
-------+----------+-------------------------------------------
     0 | D:1      | Darkins the Human Berserker began the quest for the Orb.
     0 | D:1      | Reached XP level 1. HP: 18/18 MP: 1/1
   124 | D:1      | Reached XP level 2. HP: 15/24 MP: 2/2
   479 | D:1      | Reached XP level 3. HP: 19/29 MP: 3/3
   563 | D:1      | Reached ** piety under Trog
  1441 | D:2      | Reached XP level 4. HP: 36/36 MP: 4/4
  1807 | D:3      | Noticed Jessica
  1808 | D:3      | Found a shadowy altar of Dithmenos.
  1825 | D:3      | Killed Jessica
  1825 | D:3      | Reached skill level 4 in Long Blades
  1912 | D:3      | Reached XP level 5. HP: 42/42 MP: 5/5
  1991 | D:3      | Found a runed door.
  1995 | D:3      | Noticed Crazy Yiuf
  2006 | D:3      | Killed Crazy Yiuf
  2008 | D:3      | HP: 3/63 [poisoned by Crazy Yiuf]
  2012 | D:3      | HP: 1/42 [poisoned by Crazy Yiuf]
  2308 | D:3      | Noticed Darkins's ghost (amateur HuGl)
  2354 | D:3      | HP: 2/63 [Darkins's ghost (5)]
  2920 | D:3      | Killed Darkins's ghost
  2920 | D:3      | Reached skill level 5 in Long Blades
  2920 | D:3      | Reached XP level 6. HP: 41/48 MP: 6/6
  3132 | D:3      | Noticed Sigmund
  3143 | D:3      | Killed Sigmund
  3143 | D:3      | Reached XP level 7. HP: 55/55 MP: 7/7
  3595 | D:4      | HP: 2/55 [phantom (2)]
  3595 | D:4      | Slain by a phantom

Skill      XL: |  1  2  3  4  5  6 |
---------------+-------------------+-----
Long Blades    | 4 5 |  5.6
Fighting       | 4 |  4.4
Armour         | 3 4 |  4.4
Dodging        | 3 |  3.1

Action                   |  1- 3 |  4- 6 |  7- 9 || total
-------------------------+-------+-------+-------++-------
Melee: Falchion          |   147 |   141 |    52 ||   340
Invok: Berserk           |       |     4 |     1 ||     5
       Trog's Hand       |       |     1 |     1 ||     2
  Use: Potion            |       |     1 |       ||     1
       Scroll            |       |       |     1 ||     1
  Eat: Fruit             |     2 |     6 |       ||     8
       Chunk             |       |     1 |       ||     1
       Meat ration       |       |     1 |       ||     1
Armor: Animal skin       |    11 |       |       ||    11
       Ring mail         |    15 |    36 |    28 ||    79
Dodge: Dodged            |    80 |    79 |    37 ||   196
       Rpst.: Falchion   |    25 |    23 |    10 ||    58
